 Dungeon Crawl Stone Soup version 0.24.1 (webtiles) character file.

Game seed: 11602647837862104454, levelgen mode: deterministic

10 Destapler the Magician (level 2, -1/19 HPs)
             Began as a Mummy Wizard on Apr 6, 2020.
             Slain by a gnoll (8 damage)
             ... on level 1 of the Dungeon.
             The game lasted 00:02:39 (874 turns).

Destapler the Magician (Mummy Wizard)                Turns: 874, Time: 00:02:40

Health: -1/19      AC:  2    Str: 10    XL:     2   Next: 10%
Magic:  3/7        EV: 12    Int: 17    God:
Gold:   124        SH:  0    Dex: 10    Spells: 4/9 levels left

rFire    x . .     SeeInvis .   g - +1 dagger (freeze)
rCold    + . .     Gourm    .   (no shield)
rNeg     + + +     Faith    .   a - +0 robe
rPois    ∞         Spirit   .   b - +0 hat
rElec    .         Reflect  .   (no cloak)
rCorr    .         Harm     .   (no gloves)
MR       .....                  (no boots)
Stlth    ++........             (no amulet)
HPRegen  0.06/turn              (no ring)
MPRegen  0.10/turn              (no ring)

@: no status effects
A: no food or potions, fire vulnerability, cold resistance 1, negative energy
resistance 3, torment resistance, unbreathing
a: no special abilities


You were on level 1 of the Dungeon.
You were not hungry.

You visited 1 branch of the dungeon, and saw 2 of its levels.

You collected 124 gold pieces.

Inventory:

Hand Weapons
 g - a +1 dagger of freezing (weapon)
Armour
 a - a +0 robe (worn)
 b - a +0 hat (worn)
Jewellery
 f - an uncursed ring of protection from magic {unknown}
 h - an uncursed ring of resist corrosion {unknown}
Scrolls
 c - a scroll of fear {unknown}
 d - 2 scrolls of identify {unknown}
 e - a scroll of noise {unknown}


   Skills:
 + Level 1.7 Dodging
 + Level 1.9 Stealth
 + Level 4.1 Spellcasting
 + Level 1.0 Conjurations
 - Level 0.7 Summonings
 - Level 0.7 Translocations


You had 4 spell levels left.
You knew the following spells:

 Your Spells              Type           Power        Failure   Level  Hunger
a - Magic Dart            Conj           #...         10%         1    N/A
z - Call Imp              Summ           #.......     17%         2    N/A
B - Blink                 Tloc           N/A          17%         2    N/A

Your spell library contained the following spells:

 Spells                   Type           Power        Failure   Level  Hunger
 Slow                     Hex            #.......     24%         2    N/A
 Conjure Flame            Conj/Fire      #.......     36%         3    N/A
 Mephitic Cloud           Conj/Pois/Air  #.......     38%         3    N/A

Dungeon Overview and Level Annotations

Branches:
Dungeon (2/15)

Altars:


Innate Abilities, Weirdness & Mutations

You do not eat or drink.
Your flesh is vulnerable to fire.
You are immune to poison.
Your flesh is cold resistant. (rC+)
You are immune to negative energy. (rN+++)
You are immune to unholy pain and torment.
You can survive without breathing.


Message History

Confirm with . or Enter, or press ? or * to list all spells.
Aiming: Magic Dart (safe; 10% risk of failure)
Press: ? - help, Shift-Dir - straight line, f - gnoll
Aim: a gnoll The magic dart hits the gnoll.
The gnoll is lightly wounded.
The rat closely misses you. The gnoll hits you!
* * * LOW HITPOINT WARNING * * *
The gnoll barely misses you.
Your shadow imp hits the gnoll.
Casting: Magic Dart (safe; 10% risk of failure)
Confirm with . or Enter, or press ? or * to list all spells.
Aiming: Magic Dart (safe; 10% risk of failure)
Press: ? - help, Shift-Dir - straight line, f/p - gnoll
Aim: a gnoll (moderately wounded)
The magic dart hits the gnoll.
The gnoll is heavily wounded.
The rat bites you.
* * * LOW HITPOINT WARNING * * *
The gnoll hits you!
You die...

##
.#######################
.'..........%.5g@r.....#
.####..#########g#####.#
## #..#.......#...# #.#
#..#.....#.###.# #.#
#..#.....#.# #.# #.#
#........#.# #.# #.#
#.##.#####.# #.###.#
#........#.# #.....#
#..#.###.#.# #..####


You could see 2 gnolls, a rat and a friendly shadow imp.

Vanquished Creatures
  A dart slug (D:1)
  A goblin (D:1)
  2 hobgoblins (D:1)
  A kobold (D:1)
  A bat (D:1)
  2 rats (D:1)
8 creatures vanquished.

Vanquished Creatures (others)
  4 toadstools (D:1)
4 creatures vanquished.

Grand Total: 12 creatures vanquished

Notes
Turn   | Place    | Note
-------+----------+-------------------------------------------
     0 | D:1      | Destapler the Mummy Wizard began the quest for the Orb.
     0 | D:1      | Reached XP level 1. HP: 13/13 MP: 5/5
   199 | D:1      | Reached skill level 1 in Conjurations
   578 | D:1      | Reached XP level 2. HP: 6/19 MP: 0/7
   865 | D:1      | Learned a level 2 spell: Call Imp
   868 | D:1      | Learned a level 2 spell: Blink
   874 | D:1      | Slain by a gnoll

Levels and vault maps discovered:
D:1:      ncdulo_halloftheorcs, layout_basic, minmay_gold_behind_fungi,
          corner_web_ring
D:2:      layout_rooms, grunt_temple_overflow_diamond,
          chequers_ecumenical_altar_twisty

Skill      XL: |  1 |
---------------+----+-----
Conjurations   | 1 |  1.0
Dodging        | |  1.7
Stealth        | |  1.9
Spellcasting   | |  4.1
Summonings     | |  0.7
Translocations | |  0.7

Action                   || total
-------------------------++-------
Melee: Dagger            ||     8
 Cast: Magic Dart        ||    23
       Call Imp          ||     1
Armor: Robe              ||     2
Dodge: Dodged            ||    18
